 Dungeon Crawl Stone Soup version 0.30.1-9-gdf580d7c3d (webtiles) character file.

Game seed: 7409452361137498032

930 Zonian the Magician (level 7, -8/36 HPs)
             Began as a Deep Elf Venom Mage on Oct 5, 2023.
             Was an Initiate of Gozag.
             Mangled by an iguana (10 damage)
             ... on level 5 of the Dungeon.
             The game lasted 00:17:04 (7285 turns).

Zonian the Magician (Deep Elf Venom Mage)           Turns: 7285, Time: 00:17:06

Health: -8/36      AC:  5    Str:  5    XL:     7   Next: 86%
Magic:  17/17      EV: 20    Int: 22    God:    Gozag
Gold:   241        SH:  0    Dex: 21    Spells: 10/17 levels left

rFire   . . .        w - +0 shortbow
rCold   . . .        (shield currently unavailable)
rNeg    . . .        a - +0 robe
rPois   .            y - +0 helmet
rElec   .            o - +0 cloak
rCorr   .            (no gloves)
SInv    .            c - +0 pair of boots
Will    .....        j - amulet of regeneration
Stlth   +++          g - +6 ring of dexterity
HPRegen 1.06/turn    m - +5 ring of evasion
MPRegen 0.15/turn

%: no passive effects
@: no status effects
A: no striking features
a: Renounce Religion, Potion Petition, Call Merchant, Bribe Branch


You were on level 5 of the Dungeon.
You worshipped Gozag.
Gozag was aware of your devotion.
You visited 2 branches of the dungeon, and saw 6 of its levels.

You collected 338 gold pieces.
You paid 97 gold pieces to Gozag.

Inventory:

Hand Weapons
 d - a +0 short sword
 n - a +0 sling
 p - a +3 hammer of protection
 s - a +1 heavy flail
 w - a +0 shortbow (weapon)
Missiles
 r - 5 silver javelins
Armour
 a - a +0 robe (worn)
 c - a +0 pair of boots (worn)
 k - a +0 buckler
 o - a +0 cloak (worn)
 u - a +2 ring mail of cold resistance
 y - a +0 helmet (worn)
Magical Staves
 v - a staff of conjuration
 z - the staff of earth "Mimp" {rCorr Int+2}
   (You found it on level 5 of the Dungeon)

   [staff of earth]

   Base accuracy: +5 Base damage: 5 Base attack delay: 1.2 This weapon's minimum
   attack delay (0.6) is reached at skill level 12.
   Int:       It affects your intelligence (+2).
   rCorr:     It protects you from acid and corrosion.
   It falls into the 'Staves' category.
   It is a one-handed weapon.
Jewellery
 g - a +6 ring of dexterity (left hand)
 j - an amulet of regeneration (around neck)
 m - a +5 ring of evasion (right hand)
 x - an amulet of guardian spirit
Wands
 q - a wand of charming (4)
 B - a wand of iceblast (7)
Scrolls
 h - a scroll of immolation
 A - a scroll of fog {unknown}
Potions
 b - a potion of magic
 e - a potion of ambrosia
 f - 2 potions of curing
 i - a potion of mutation
 l - a potion of attraction
 t - 2 potions of flight


   Skills:
 + Level 5.4 Dodging
 + Level 5.6 Stealth
 + Level 5.9 Spellcasting
 + Level 4.4 Transmutations
 + Level 5.4 Poison Magic


You had 10 spell levels left.
You knew the following spells:

 Your Spells              Type           Power      Damage    Failure   Level
a - Sting                 Tmut/Pois      100%       1d8       1%          1
b - Poisonous Vapours     Pois/Air       36%        N/A       4%          2
c - Olgreb's Toxic Radia  Pois           30%        N/A       10%         4

Your spell library contained the following spells:

 Spells                   Type           Power      Damage    Failure   Level
 Mephitic Cloud           Conj/Pois/Air  14%        N/A       13%         3


Dungeon Overview and Level Annotations

Branches:
Dungeon (5/15)             Temple (1/1) D:5

Altars:
Ashenzari
Dithmenos
Fedhas
Gozag
Kikubaaqudgha
Makhleb
Nemelex Xobeh
Okawaru
Qazlal
Ru
Sif Muna
Trog
Uskayaw
Vehumet
Wu Jian
Xom
Yredelemnul
Zin
The Shining One

Shops:
D:4 [

Annotations:
D:5 exclusion: killer bee


Message History

Placed new exclusion.
There is a large open door here.
There is an open door here.
You open the door. You open the door.
There is an open door here.
Found a stone staircase leading up.
Unknown command.
There is an open door here.
A steam dragon comes into view.
An iguana comes into view.
You see here 11 gold pieces.
You now have 241 gold pieces (gained 11).
The iguana hisses angrily.
You hear an angry hiss.
The iguana attacks as you move away! The iguana closely misses you.
The iguana attacks as you move away! The iguana completely misses you.
You shoot an arrow. The arrow hits the iguana.
The iguana is moderately wounded.
You hear an angry hiss.
The iguana completely misses you.
You shoot an arrow. The arrow closely misses the iguana.
The iguana misses you. The steam dragon breathes steam at you.
The ball of steam hits you! The iguana completely misses you.
You shoot an arrow. The arrow closely misses the iguana.
You are engulfed in a cloud of scalding steam.
* * * LOW HITPOINT WARNING * * *
The iguana misses you.
You are too injured to fight recklessly!
Unknown command.
Okay, then.
Okay, then.
Aiming: Charm
Press: ? - help, Shift-Dir - straight line, f - steam dragon, p - iguana
Aim: a steam dragon (steam, catching its breath, chance to affect: 49%)
The steam dragon is charmed.
You are engulfed in a cloud of scalding steam.
* * * LOW HITPOINT WARNING * * *
The iguana bites you!
You die...
Your body crumbles into a pile of gold.

#............#............#
#............#..####+####.#
#.....######....# #.#
#............>..# #.#
####'######.....### #.####
#.#...#####.§..# #....##
#.#.#.# #D##>..# ####..#
#.#.#.# #§# .### ##.#
#.#.#.# #@# .# #.. #.#.#.#
#l# .# ##. #.#.#.# #.# D#
## #.#.#.# #.##.# #.#<#.#
#....# #.###.### ######
#.......# #####.#.#
#.....#.#


You could see an iguana and a friendly steam dragon (charmed, catching breath).

Vanquished Creatures
  Grinder (D:3)
  An ice beast (D:5)
  An orc warrior (D:5)
  A centaur (D:5)
  A phantom (D:5)
  A hound (D:5)
  2 jellies (D:4)
  An orc priest (D:4)
  Crazy Yiuf (D:2)
  2 iguanas (D:5)
  An orc wizard (D:4)
  7 adders
  An ufetubus (D:4)
  4 dart slugs
  14 orcs
  3 ball pythons
  7 endoplasms
  3 giant cockroaches
  6 goblins
  4 hobgoblins
  7 jackals
  7 kobolds
  8 quokkas
  A bat (D:2)
  3 frilled lizards
  3 rats
91 creatures vanquished.

Notes
Turn   | Place    | Note
-------+----------+-------------------------------------------
     0 | D:1      | Zonian the Deep Elf Venom Mage began the quest for the Orb.
     0 | D:1      | Reached XP level 1. HP: 10/10 MP: 6/6
   739 | D:1      | Reached XP level 2. HP: 15/15 MP: 5/8
  1752 | D:2      | Reached XP level 3. HP: 19/19 MP: 6/9
  2283 | D:2      | Found a runed translucent door.
  2284 | D:2      | Noticed Crazy Yiuf
  2494 | D:2      | Killed Crazy Yiuf
  2495 | D:2      | Reached XP level 4. HP: 24/24 MP: 4/11
  2582 | D:3      | Noticed Grinder
  2594 | D:3      | Paralysed by Grinder for 3 turns
  2963 | D:3      | Paralysed by Grinder for 2 turns
  2966 | D:3      | Killed Grinder
  2967 | D:3      | Reached XP level 5. HP: 15/28 MP: 1/13
  2967 | D:3      | Reached XP level 6. HP: 17/32 MP: 1/14
  3119 | D:3      | Learned a level 2 spell: Poisonous Vapours
  4251 | D:4      | Found Vahumed's Antique Armour Boutique.
  4433 | D:4      | Found a sand-covered staircase.
  4618 | D:4      | Reached skill level 5 in Spellcasting
  5281 | D:4      | Found a glowing silver altar of Zin.
  5282 | D:4      | Found a shimmering altar of Xom.
  5282 | D:4      | Noticed an angel
  5547 | D:5      | Entered Level 5 of the Dungeon
  5551 | D:5      | Noticed an orc warrior
  5715 | D:5      | Reached XP level 7. HP: 36/36 MP: 7/16
  6045 | D:5      | Learned a level 4 spell: Olgreb's Toxic Radiance
  6055 | D:5      | Identified the staff of earth "Mimp" {rCorr Int+2}
  6088 | D:5      | Reached skill level 5 in Stealth
  6088 | D:5      | Reached skill level 5 in Poison Magic
  6118 | D:5      | Reached skill level 5 in Dodging
  6326 | D:5      | Found a shadowy altar of Dithmenos.
  6376 | D:5      | Found a staircase to the Ecumenical Temple.
  6384 | Temple   | Entered the Ecumenical Temple
  6424 | Temple   | Became a worshipper of Gozag Ym Sagoz the Greedy
  7267 | D:5      | Noticed a steam dragon
  7285 | D:5      | HP: 1/36 [steam dragon] (8)]
  7285 | D:5      | Mangled by an iguana

Illustrated notes

Levels and vault maps discovered:
D:1:      nicolae_arrival_washed_ashore, layout_loops_ring,
          chequers_hall_statues_y
D:2:      layout_basic, uniq_crazy_yiuf_cottage
D:3:      layout_rooms, uniq_grinder
D:4:      layout_rooms, grunt_temple_overflow_order_and_chaos_1,
          nicolae_ossuary_entry_ruins, serial_shops, nicolae_shop_hallway_plus,
          minmay_distorted
D:5:      kennysheep_big_flooded_room, layout_basic,
          mainiacjoe_overflow_boulevard, minmay_temple_entry_butterflies
Temple:   lightli_temple_of_artemis

Skill      XL: |  1  2  3  4  5  6  7 |
---------------+----------------------+-----
Dodging        | 3 4 5 |  5.4
Stealth        | 3 4 5 |  5.6
Transmutations | 2 3 4 |  4.4
Spellcasting   | 4 5 |  5.9
Poison Magic   | 4 5 |  5.4

Action                     |  1- 3 |  4- 6 |  7- 9 || total
---------------------------+-------+-------+-------++-------
  Melee: Unarmed           |     1 |       |       ||     1
         Short sword       |    12 |       |       ||    12
         Mace              |       |    22 |    32 ||    54
   Fire: Sling             |    13 |     3 |       ||    16
         Shortbow          |       |       |    21 ||    21
   Cast: Sting             |    44 |   144 |    23 ||   211
         Poisonous Vapours |       |     6 |     3 ||     9
  Evoke: Wand              |       |       |     1 ||     1
    Use: Scroll            |     2 |    11 |     2 ||    15
         Potion            |       |     2 |       ||     2
   Stab: Sleeping          |     3 |       |       ||     3
 Armour: Robe              |     2 |    35 |    11 ||    48
  Dodge: Dodged            |    16 |   108 |    64 ||   188
